 Dungeon Crawl Stone Soup version 0.23.2 (webtiles) character file.

Game seed: 7732156363344184868

455 Fang the Skirmisher (level 7, -2/44 HPs)
             Began as a Gargoyle Berserker on Apr 1, 2019.
             Was a Believer of Trog.
             Slain by a gnoll
             ... wielding a +0 spear
              (5 damage)
             ... on level 4 of the Dungeon.
             The game lasted 00:02:36 (3330 turns).

Fang the Skirmisher (Gargoyle Berserker)            Turns: 3330, Time: 00:02:37

Health: -2/44      AC:  9    Str: 22    XL:     7   Next: 5%
Magic:  7/7        EV: 13    Int:  8    God:    Trog [**....]
Gold:   165        SH:  0    Dex:  9    Spells: 6/6 levels left

rFire    . . .     SeeInvis .   a - +0 hand axe
rCold    . . .     Gourm    +   (no shield)
rNeg     + . .     Faith    .   b - +0 animal skin
rPois    ∞         Spirit   .   n - +1 helmet
rElec    +         Reflect  .   (no cloak)
rCorr    .         Harm     .   (no gloves)
MR       .....                  (no boots)
Stlth    +.........             p - amulet of the gourmand
HPRegen  0.14/turn              (no ring)
MPRegen  0.10/turn              (no ring)

@: no status effects
A: negative energy resistance 1, electricity resistance, unbreathing,
petrification resistance, rot immunity, AC +4
a: Berserk, Trog's Hand, Renounce Religion


You were on level 4 of the Dungeon.
You worshipped Trog.
Trog was pleased with you.
You were completely stuffed.

You visited 1 branch of the dungeon, and saw 4 of its levels.

You collected 165 gold pieces.

Inventory:

Hand Weapons
 a - a +0 hand axe (weapon)
Armour
 b - a +0 animal skin (worn)
 n - a +1 helmet (worn)
Jewellery
 p - an amulet of the gourmand (around neck)
Scrolls
 f - 4 scrolls of remove curse {unknown}
 h - a scroll of identify {unknown}
 i - 2 scrolls of amnesia {unknown}
 l - a scroll of teleportation {unknown}
 o - 2 scrolls of random uselessness {unknown}
 q - a scroll of fear {unknown}
 s - a scroll of blinking {unknown}
Potions
 d - a potion of agility {unknown}
 e - a potion of berserk rage {unknown}
 g - a potion of resistance {unknown}
 j - a potion of haste {unknown}
 k - a potion of degeneration {unknown}
 m - a potion of curing {unknown}
 r - a potion of flight {unknown}
Comestibles
 c - 11 rations
 t - 2 chunks of flesh


   Skills:
 + Level 5.0 Fighting
 + Level 4.1 Axes
 + Level 4.4 Armour
 + Level 3.3 Dodging


You had 6 spell levels left.
You didn't know any spells.
Your spell library was empty.

Dungeon Overview and Level Annotations

Branches:
Dungeon (4/15)
 Temple: D:4-7

Altars:
Ashenzari
Elyvilon
Hepliaklqana
Okawaru
Qazlal


Innate Abilities, Weirdness & Mutations

You are resistant to torment.
Your stone body is resilient. (AC +4)
You are immune to poison.
You resist negative energy. (rN+)
You are resistant to electric shocks. (rElec)
You can survive without breathing.
You are immune to petrification.
You are immune to rotting.


Message History

* * * LOW HITPOINT WARNING * * *
You completely miss the gnoll.
The gnoll is moderately wounded.
The gnoll hits you with a +0 spear.
* * * LOW HITPOINT WARNING * * *
The gnoll barely misses you.
You hit the gnoll but do no damage.
The gnoll is moderately wounded.
The gnoll hits you but does no damage.
You barely miss the gnoll.
The gnoll is moderately wounded.
The gnoll closely misses you.
You slash the gnoll!
The gnoll is almost dead.
The gnoll hits you with a +0 spear.
* * * LOW HITPOINT WARNING * * *
You barely miss the gnoll.
The gnoll is almost dead.
The gnoll hits you with a +0 spear.
You die...

.....# #.....# +=....#
#.....# #.....#
#+####.....# #....#.....#
#...g@)....# #....#.....#
#....#.....#
#....#.....###
######...|....
#########.............
#.......#.............
#.......'.............
#####...[..#.............


You could see a gnoll.

Vanquished Creatures
  An ice beast (D:3)
  The ghost of LePi the Poker, an amateur MfSk (D:3)
  A centaur zombie (D:3)
  A hound (D:4)
  A worker ant (D:2)
  Robin (D:3)
  6 gnolls
  3 adders
  An ooze (D:1)
  2 adder skeletons (D:4)
  2 worms
  A dart slug (D:1)
  A leopard gecko (D:1)
  3 orcs
  2 bats
  3 giant cockroaches
  23 goblins
  3 hobgoblins
  4 jackals
  8 kobolds
  A quokka (D:4)
  A ball python (D:3)
  5 frilled lizards
  A leopard gecko zombie (D:3)
  A quokka skeleton (D:3)
  A quokka zombie (D:3)
  5 rats
83 creatures vanquished.

Notes
Turn   | Place    | Note
-------+----------+-------------------------------------------
     0 | D:1      | Fang the Gargoyle Berserker began the quest for the Orb.
     0 | D:1      | Reached XP level 1. HP: 14/14 MP: 1/1
    92 | D:1      | Reached XP level 2. HP: 14/19 MP: 2/2
   467 | D:1      | Reached XP level 3. HP: 22/23 MP: 3/3
   499 | D:1      | You fall through a shaft!
   660 | D:2      | Found a shattered altar of Ashenzari.
   661 | D:2      | Found a white marble altar of Elyvilon.
   663 | D:2      | Found a hazy altar of Hepliaklqana.
   665 | D:2      | Found an iron altar of Okawaru.
   665 | D:2      | Found a stormy altar of Qazlal.
  1274 | D:2      | Reached XP level 4. HP: 12/29 MP: 4/4
  1723 | D:2      | Reached skill level 4 in Fighting
  2157 | D:3      | Reached XP level 5. HP: 33/33 MP: 5/5
  2186 | D:3      | Noticed an ice beast
  2192 | D:3      | Killed an ice beast
  2504 | D:3      | Reached ** piety under Trog
  2512 | D:3      | Reached XP level 6. HP: 36/39 MP: 6/6
  2590 | D:3      | Noticed Robin
  2608 | D:3      | Killed Robin
  2693 | D:3      | Found a shattered altar of Ashenzari.
  2802 | D:3      | Found a runed translucent gate.
  2802 | D:3      | Found a runed translucent gate.
  2803 | D:3      | Found a runed translucent gate.
  2803 | D:3      | Noticed LePi's ghost (amateur MfSk)
  3091 | D:3      | Killed LePi's ghost
  3306 | D:4      | Reached skill level 5 in Fighting
  3306 | D:4      | Reached XP level 7. HP: 44/44 MP: 7/7
  3330 | D:4      | Slain by a gnoll

Skill      XL: |  1  2  3  4  5  6 |
---------------+-------------------+-----
Axes           | 3 4 |  4.1
Dodging        | 2 3 |  3.3
Armour         | 3 4 |  4.4
Fighting       | 4 5 |  5.0

Action                   |  1- 3 |  4- 6 |  7- 9 || total
-------------------------+-------+-------+-------++-------
Melee: Hand axe          |   120 |   159 |    23 ||   302
Invok: Berserk           |     1 |     2 |       ||     3
  Eat: Chunk             |     7 |    16 |       ||    23
Armor: Animal skin       |    43 |    80 |     7 ||   130
Dodge: Dodged            |    74 |   113 |    15 ||   202
